 Dungeon Crawl Stone Soup version 0.21-a0-531-gacddea6 (webtiles) character file.

269 AverageBear the Cutter (level 6, 0/36 HPs)
             Began as a Deep Elf Fighter on Dec 13, 2017.
             Slain by a quokka (3 damage)
             ... on level 3 of the Dungeon.
             The game lasted 00:03:11 (2991 turns).

AverageBear the Cutter (Deep Elf Fighter)           Turns: 2991, Time: 00:03:12

Health: 0/36       AC:  8    Str: 15    XL:     6   Next: 1%
Magic:  8/8        EV:  6    Int: 13    God:
Gold:   208        SH:  8    Dex: 14    Spells: 5/5 levels left

rFire    . . .     SeeInvis .   a - +2 rapier
rCold    . . .     Gourm    .   c - +0 shield
rNeg     . . .     Faith    .   b - +0 scale mail
rPois    .         Spirit   .   j - +0 helmet
rElec    .         Reflect  .   (no cloak)
rCorr    +         Harm     .   e - +0 pair of gloves
MR       .....                  (no boots)
Stlth    ..........             (no amulet)
HPRegen  0.12/turn              m - ring of resist corrosion
MPRegen  0.11/turn              (no ring)

@: no status effects
A: no striking features
a: no special abilities


You were on level 3 of the Dungeon.
You were not hungry.

You visited 1 branch of the dungeon, and saw 4 of its levels.

You collected 208 gold pieces.

Inventory:

Hand Weapons
 a - a +2 rapier (weapon)
Armour
 b - a +0 scale mail (worn)
 c - a +0 shield (worn)
 e - a +0 pair of gloves (worn)
 j - a +0 helmet (worn)
Magical Staves
 n - an uncursed staff of death
Jewellery
 m - a ring of resist corrosion (left hand)
Scrolls
 d - a scroll of fear {unknown}
 h - a scroll of fog
 o - a scroll of identify
Potions
 g - a potion of lignification {unknown}
 i - 2 potions of flight
 l - a potion of might
Comestibles
 f - 3 bread rations
 k - 2 royal jellies
 p - 6 chunks of flesh


   Skills:
 - Level 2.4 Fighting
 - Level 6.3 Short Blades
 - Level 2.4 Armour
 + Level 0.1 Dodging
 - Level 2.4 Shields


You had 5 spell levels left.
You didn't know any spells.

Dungeon Overview and Level Annotations

Branches:
Dungeon (4/15)
 Temple: D:4-7

Altars:
Makhleb


Message History

The orc priest is lightly wounded.
The quokka barely misses you. You block the orc's attack.
The orc priest invokes the aid of Beogh against you.
Beogh smites you!
* * * LOW HITPOINT WARNING * * *
You hit the orc priest.
The orc priest is moderately wounded.
The quokka barely misses you. You block the orc's attack.
The orc priest barely misses you.
You barely miss the orc priest.
The orc priest is moderately wounded.
The quokka bites you but does no damage.
The orc hits you.
* * * LOW HITPOINT WARNING * * *
You hit the orc priest.
The orc priest is severely wounded.
You block the quokka's attack.
The orc priest mumbles some strange prayers to Beogh against you.
You struggle to resist.
The quokka bites you.
You die...

#..#.##..####.###.#### #.
#..#.##..####.# #.# #.
..............# #.# #####.
####.############.## #.....
#.#.....# #...# #.###. #
#.#.....# #...# ##.#### #
#.......# #...########..##.# #
###.....#####r........##.##...
### #...........@o.....#.........
..###.#.........o................
#.##..#..##............#.........
#.#......##.###......###.........
#.##..#.###.# #.................#
#.##..#.###.###....#.###........#
#.##........##.......# #........#
#.##.#...#####.....#.# ##........
))...................# #####.#.#


You could see an orc priest, an orc and a quokka.

Vanquished Creatures
  Natasha (thrice) (D:2)
  Robin (D:2)
  4 gnolls (D:3)
  7 adders
  An ooze (D:2)
  4 leopard geckos
  4 orcs (D:3)
  A ball python (D:3)
  4 giant cockroaches
  14 goblins
  12 hobgoblins
  3 jackals (D:2)
  2 kobolds
  6 bats
  4 frilled lizards
  2 rats (D:3)
72 creatures vanquished.

Notes
Turn   | Place    | Note
-------+----------+-------------------------------------------
     0 | D:1      | AverageBear the Deep Elf Fighter began the quest for the Orb.
     0 | D:1      | Reached XP level 1. HP: 13/13 MP: 3/3
   603 | D:2      | Reached skill level 3 in Short Blades
   603 | D:2      | Reached XP level 2. HP: 12/18 MP: 4/4
   940 | D:2      | Reached XP level 3. HP: 16/22 MP: 5/5
  1073 | D:2      | Noticed Natasha
  1079 | D:2      | Killed Natasha
  1079 | D:2      | Reached skill level 4 in Short Blades
  1079 | D:2      | Reached XP level 4. HP: 22/27 MP: 6/6
  1283 | D:2      | Noticed Natasha
  1297 | D:2      | Noticed Robin
  1305 | D:2      | Killed Robin
  1316 | D:2      | Killed Natasha
  1316 | D:2      | Reached skill level 5 in Short Blades
  1408 | D:2      | Reached XP level 5. HP: 27/31 MP: 7/7
  1705 | D:2      | Noticed Natasha
  1727 | D:2      | Killed Natasha
  2023 | D:2      | Found a burning altar of Makhleb.
  2169 | D:3      | Reached skill level 6 in Short Blades
  2945 | D:3      | Reached XP level 6. HP: 29/36 MP: 8/8
  2991 | D:3      | Slain by a quokka

Vault maps used:
D:1:      nicolae_arrival_washed_ashore, kennysheep_nondescript
D:2:      lightli_temple_of_fire, uniq_natasha, uniq_robin
D:3:      minmay_cupped
D:4:      tgw_xom, grunt_temple_overflow_open, uniq_duvessa, uniq_sigmund,
          uniq_menkaure, uniq_ijyb, uniq_edmund

Skill      XL: |  1  2  3  4  5 |
---------------+----------------+-----
Short Blades   | 3 4 5 6 |  6.3
Fighting       | |  2.4
Armour         | |  2.4
Dodging        | |  0.1
Shields        | |  2.4

Action                   |  1- 3 |  4- 6 || total
-------------------------+-------+-------++-------
Melee: Rapier            |    59 |   174 ||   233
  Use: Scroll            |     5 |     1 ||     6
       Potion            |     3 |     1 ||     4
  Eat: Chunk             |     1 |     6 ||     7
Armor: Scale mail        |    24 |    70 ||    94
Dodge: Dodged            |    20 |    35 ||    55
Block: Shield            |    26 |    75 ||   101

Table legend:
 A = Spawn XP
 B = Non-spawn XP
 C = Spawn XP percentage of total XP
 D = Spawn monster count
 E = Non-spawn monster count
 F = Spawn count percentage of total count
 G = Total turns spent on level
                    A         B        C        D         E        F      G
               +---------+---------+-------+---------+---------+-------+---------
         Total |       0 |     385 |   0.0 |       0 |      72 |   0.0 |  2991
               +---------+---------+-------+---------+---------+-------+---------
           D:1 |       0 |      10 |   0.0 |       0 |       6 |   0.0 |   880
           D:2 |       0 |     239 |   0.0 |       0 |      40 |   0.0 |  1162
           D:3 |       0 |     136 |   0.0 |       0 |      26 |   0.0 |   945
               +---------+---------+-------+---------+---------+-------+---------
